 Dungeon Crawl Stone Soup version 0.23-a0-183-gf37f6fb (webtiles) character file.

26 epen the Poker (level 3, -12/34 HPs)
             Began as a Naga Monk on Sept 22, 2018.
             Engulfed by a cloud of flame (17 damage)
             ... on level 1 of the Dungeon.
             The game lasted 00:01:13 (714 turns).

epen the Poker (Naga Monk)                           Turns: 714, Time: 00:01:14

Health: -12/34     AC:  3    Str: 14    XL:     3   Next: 8%
Magic:  3/3        EV: 14    Int: 10    God:
Gold:   29         SH:  0    Dex: 18    Spells: 2/2 levels left

rFire    . . .     SeeInvis +   a - +0 spear
rCold    . . .     Gourm    .   (no shield)
rNeg     . . .     Faith    .   e - +0 ring mail
rPois    +         Spirit   .   (no helmet)
rElec    .         Reflect  .   (no cloak)
rCorr    .         Harm     .   (no gloves)
MR       .....                  (no barding)
Stlth    +++.......             (no amulet)
HPRegen  0.11/turn              (no ring)
MPRegen  0.08/turn              (no ring)

@: agile, short of breath, very slow
A: large, see invisible, deformed body, poison resistance, slowness 2, slow
metabolism 1, spit poison 1, AC +1
a: Spit Poison


You were on level 1 of the Dungeon.
You were not hungry.

You visited 1 branch of the dungeon, and saw 1 of its levels.

You collected 29 gold pieces.

Inventory:

Hand Weapons
 a - a +0 spear (weapon)
Armour
 b - a +0 robe
 e - a +0 ring mail (worn)
Comestibles
 c - 2 rations


   Skills:
 + Level 3.2 Fighting
 * Level 3.4 Polearms
 + Level 0.7 Armour
 + Level 2.6 Dodging
 - Level 3.0 Stealth


You had 2 spell levels left.
You didn't know any spells.
Your spell library was empty.

Dungeon Overview and Level Annotations

Branches:
Dungeon (1/15)

Altars:


Innate Abilities, Weirdness & Mutations

You cannot wear boots.
Your serpentine skin is tough. (AC +1)
You have supernaturally acute eyesight. (SInv)
Armour fits poorly on your strangely shaped body.
Your system is resistant to poisons. (rPois)
You cover ground very slowly.
You have a slow metabolism.
You can spit poison.


Message History

It was a scroll of immolation.
The kobold barely misses you. The gnoll barely misses you.
It was a potion of agility.
You feel agile all of a sudden. The kobold completely misses you.
The gnoll closely misses you.
You closely miss the kobold.
The kobold is severely wounded.
The kobold hits you.
The gnoll hits you from afar with a spear.
The kobold hits you.
* * * LOW HITPOINT WARNING * * *
Press: ? - help, Shift-Dir - straight line, f/p - kobold
Aim: a kobold (severely wounded, inner flame)
The splash of poison hits the kobold.
The kobold explodes!
The fiery explosion engulfs you!
* * * LOW HITPOINT WARNING * * *
You feel slightly more hungry.
You are engulfed in blazing flames.
Ouch! That really hurt!
You die...

.#.#########.## #..##
.......##.....# #...###
.......##.....######.....#
.....(.)(()..............#
.......##.....#####......#
........#####.#.....#....#
........# ##.#.#####....#
........####....### ######
.####...........@§# .#
#..........##.##### .#
+....h....###§§g†.### .#
#......#### #####...##
.......##.## ##.(.#
#...##.##.# ###(.### ##.
.. #.# ##Kg.## . #.. .....
#..### .....( ##.##


You could see a gnoll (inner flame) and a jackal (wandering).

Vanquished Creatures
  A dart slug (D:1)
  3 goblins (D:1)
  2 hobgoblins (D:1)
  7 jackals (D:1)
  A frilled lizard (D:1)
  3 kobolds (D:1)
  4 rats (D:1)
21 creatures vanquished.

Notes
Turn   | Place    | Note
-------+----------+-------------------------------------------
     0 | D:1      | epen the Naga Monk began the quest for the Orb.
     0 | D:1      | Reached XP level 1. HP: 21/21 MP: 1/1
   146 | D:1      | Reached XP level 2. HP: 25/28 MP: 2/2
   674 | D:1      | Reached XP level 3. HP: 31/34 MP: 3/3
   714 | D:1      | Engulfed by a cloud of flame

Vault maps used:
D:1:      sevenhm_arrival_forest_fort_small_3, supply_closet_lemuel

Action                   || total
-------------------------++-------
Melee: Spear             ||    68
 Abil: Spit Poison       ||     4
  Use: Scroll            ||     1
       Potion            ||     1
 Stab: Sleeping          ||     3
       Distracted        ||     1
Armor: Robe              ||     1
       Ring mail         ||     6
Dodge: Dodged            ||    40

Table legend:
 A = Non-vault XP
 B = Vault XP
 C = Vault XP percentage of total XP
 D = Non-vault monster count
 E = Vault monster count
 F = Vault count percentage of total count
                 A         B        C        D         E       F
            +---------+---------+-------+---------+---------+-------
      Total |      38 |       0 |   0.0 |      21 |       0 |   0.0
            +---------+---------+-------+---------+---------+-------
        D:1 |      38 |       0 |   0.0 |      21 |       0 |   0.0
            +---------+---------+-------+---------+---------+-------
